 Dungeon Crawl Stone Soup version 0.20.2-3-g29329e0561 (webtiles) character file.

2757 Alfie the Carver (level 9, -19/85 HPs)
             Began as a Minotaur Fighter on Nov 25, 2020.
             Demolished by an ogre
             ... wielding a +0 giant spiked club
              (28 damage)
             ... on level 8 of the Dungeon.
             The game lasted 00:13:54 (5014 turns).

Alfie the Carver (Minotaur Fighter)                 Turns: 5014, Time: 00:13:55

Health: -19/85     AC: 10    Str: 24    XL:     9   Next: 41%
Magic:  8/8        EV: 10    Int:  5    God:
Gold:   359        SH: 11    Dex:  8    Spells: 8/8 levels left

rFire    . . .     SeeInvis +   a - +2 long sword
rCold    . . .     Gourm    .   c - +0 shield
rNeg     . . .     Faith    .   b - +1 scale mail
rPois    .         Spirit   .   (helmet restricted)
rElec    .         Reflect  .   D - +0 cloak
rCorr    .         Harm     .   (no gloves)
MR       .....                  (no boots)
Stlth    ..........             (no amulet)
Regen    0.3/turn               C - ring of see invisible
MPRegen  0.2/turn               (no ring)

@: no status effects
A: retaliatory headbutt, horns 2, clumsy 1, robust 1
a: no special abilities


You were on level 8 of the Dungeon.
You were not hungry.

You visited 1 branch of the dungeon, and saw 8 of its levels.

You collected 469 gold pieces.
You spent 110 gold pieces at shops.

Inventory:

Hand Weapons
 a - a +2 long sword (weapon)
Missiles
 r - 19 tomahawks (quivered)
Armour
 b - a +1 scale mail (worn)
 c - a +0 shield (worn)
 D - a +0 cloak (worn)
Jewellery
 k - an uncursed ring of protection from magic {unknown}
 y - an uncursed ring of ice
 z - an uncursed ring of flight
 C - a ring of see invisible (left hand)
 G - an uncursed amulet of harm {unknown}
Wands
 j - a wand of clouds (6/9)
 w - a wand of random effects (48/48)
 B - a wand of clouds (5/9)
 E - a wand of polymorph (8/24)
 F - a wand of acid (2/15)
 I - a wand of iceblast (2/15)
Scrolls
 e - a scroll of enchant weapon
 l - a scroll of teleportation
 o - 3 scrolls of remove curse
 s - a scroll of magic mapping
 u - a scroll of identify
 H - a scroll of recharging
 J - a scroll of blinking
 K - a scroll of fog
Potions
 d - a potion of curing
 h - a potion of ambrosia
 i - a potion of berserk rage {unknown}
 m - a potion of lignification {unknown}
 n - 3 potions of agility
 p - a potion of heal wounds
Comestibles
 f - 10 bread rations
 g - 4 fruits
 t - 4 meat rations
 v - 2 royal jellies


   Skills:
 + Level 6.4 Fighting
 + Level 9.1 Long Blades
 + Level 1.1 Throwing
 + Level 8.2 Armour
 + Level 4.0 Dodging
 + Level 0.6 Stealth
 + Level 8.3 Shields


You had 8 spell levels left.
You didn't know any spells.

Dungeon Overview and Level Annotations

Branches:
Dungeon (8/15)             Temple (0/1) D:7
   Lair: D:8-11

Altars:
Makhleb
Okawaru
Zin

Shops:
D:4 %


Innate Abilities, Weirdness & Mutations

You reflexively headbutt those who attack you in melee.
You have a pair of horns on your head.
You are clumsy. (Dex -2)
You are robust. (+10% HP)


Message History

You kill the orc warrior!
The orc priest barely misses you. You furiously retaliate!
You headbutt the orc priest!
You see here a hand axe.
The orc priest mumbles some strange prayers to Beogh against you.
Pain shoots through your body!
The orc priest mumbles some strange prayers to Beogh against you.
Beogh smites you!
* * * LOW HITPOINT WARNING * * *
The orc priest begins to cast a cantrip, but forgets the words!
The orc priest mumbles some strange prayers to Beogh against you.
Beogh smites you!
* * * LOW HITPOINT WARNING * * *
The ogre closely misses you.
The orc priest looks encouraged for a moment.
You block the ogre's attack.
You slash the ogre!
The ogre is moderately wounded.
The ogre hits you with a giant spiked club!!
You die...

#.#.................
#.....)..##...###### #...#
###......###### #...# ##.##.## #
#..$# #.....######## # #...#
#.............###
#####...#########..#..........#..
...............##.............#.#
.............o.O@.............#.#
.)..)..........##...#.........#.#
#####...#########.............#.#
#...# ##............#.. #...#
##.############# #...# ..# #...#
######### #...# #.......# ..... #
#.#####.#


You could see an ogre and an orc priest.

Vanquished Creatures
  A two-headed ogre (D:8)
  Pikel (D:5)
  Duvessa (D:7)
  An ice beast (D:5)
  2 orc warriors
  A sky beast (D:6)
  2 slaves (D:5)
  3 bullfrogs
  Dowan (D:7)
  6 killer bees (D:7)
  A howler monkey (D:7)
  A crimson imp (D:6)
  A centaur zombie (D:6)
  A bullfrog zombie (D:6)
  2 hounds
  3 orc wizards
  Crazy Yiuf (D:4)
  2 orc priests
  Jessica (D:3)
  Ijyb (D:4)
  Natasha (twice) (D:4)
  3 worker ants (D:4)
  A hound skeleton (D:4)
  Robin (D:4)
  A gnoll (D:1)
  8 adders
  A shadow imp (D:5)
  2 adder skeletons
  A worm (D:4)
  3 dart slugs
  2 leopard geckos (D:2)
  9 orcs
  2 giant cockroaches
  11 goblins
  6 hobgoblins
  2 jackals (D:1)
  4 ball pythons
  6 bats
  5 frilled lizards
  A jackal zombie (D:6)
  2 kobolds
  4 leopard gecko skeletons
  A quokka skeleton (D:4)
  10 rats
121 creatures vanquished.

Vanquished Creatures (others)
  A slave (D:5)
1 creature vanquished.

Grand Total: 122 creatures vanquished

Notes
Turn   | Place    | Note
-------+----------+-------------------------------------------
     0 | D:1      | Alfie the Minotaur Fighter began the quest for the Orb.
     0 | D:1      | Reached XP level 1. HP: 19/19 MP: 0/0
   358 | D:1      | Reached XP level 2. HP: 27/27 MP: 1/1
   597 | D:1      | Reached XP level 3. HP: 29/33 MP: 2/2
  1486 | D:3      | Noticed Jessica
  1491 | D:3      | Killed Jessica
  1491 | D:3      | Reached skill level 3 in Long Blades
  1491 | D:3      | Reached XP level 4. HP: 38/40 MP: 3/3
  1867 | D:4      | Found Ruwkuin's Food Shop.
  1871 | D:4      | Bought a bread ration for 55 gold pieces
  1871 | D:4      | Bought a bread ration for 55 gold pieces
  1908 | D:4      | Noticed Robin
  1918 | D:4      | Killed Robin
  1918 | D:4      | Reached XP level 5. HP: 45/47 MP: 4/4
  2002 | D:4      | Noticed Ijyb
  2012 | D:4      | Killed Ijyb
  2012 | D:4      | Reached skill level 5 in Shields
  2086 | D:4      | Reached skill level 4 in Long Blades
  2307 | D:4      | Noticed Natasha
  2312 | D:4      | Killed Natasha
  2366 | D:4      | Reached skill level 1 in Dodging
  2395 | D:4      | Reached skill level 5 in Armour
  2395 | D:4      | Reached XP level 6. HP: 53/53 MP: 5/5
  2500 | D:4      | Noticed Natasha
  2503 | D:4      | Killed Natasha
  2505 | D:4      | Found a runed door.
  2509 | D:4      | Noticed Crazy Yiuf
  2515 | D:4      | Killed Crazy Yiuf
  2558 | D:5      | Entered Level 5 of the Dungeon
  2594 | D:5      | Found an iron altar of Okawaru.
  2612 | D:5      | Reached skill level 5 in Long Blades
  2710 | D:5      | Noticed a slave
  2711 | D:5      | Noticed a slave
  2712 | D:5      | Noticed Pikel
  2713 | D:5      | Noticed a slave
  2714 | D:5      | Noticed a slave
  2727 | D:5      | Killed a slave
  2734 | D:5      | Killed a slave
  2737 | D:5      | Killed Pikel
  2737 | D:5      | Reached skill level 5 in Fighting
  2737 | D:5      | Reached skill level 6 in Long Blades
  2737 | D:5      | Reached XP level 7. HP: 42/61 MP: 6/6
  3597 | D:6      | Reached XP level 8. HP: 64/69 MP: 7/7
  3806 | D:6      | Reached skill level 7 in Long Blades
  4349 | D:7      | Gained mutation: You are clumsy. (Dex -2) [potion of mutation]
  4349 | D:7      | Gained mutation: You are robust. (+10% HP) [potion of mutation]
  4465 | D:7      | Noticed Duvessa
  4465 | D:7      | Noticed Dowan
  4473 | D:7      | Killed Duvessa
  4473 | D:7      | Reached skill level 8 in Long Blades
  4475 | D:7      | Killed Dowan
  4481 | D:7      | Found a glowing silver altar of Zin.
  4529 | D:7      | Found a staircase to the Ecumenical Temple.
  4624 | D:7      | Found a burning altar of Makhleb.
  4741 | D:7      | Reached XP level 9. HP: 78/82 MP: 8/8
  4916 | D:8      | Reached skill level 1 in Throwing
  4932 | D:8      | Noticed a two-headed ogre
  4942 | D:8      | Killed a two-headed ogre
  4942 | D:8      | Reached skill level 9 in Long Blades
  5014 | D:8      | Demolished by an ogre

Skill      XL: |  1  2  3  4  5  6  7  8  9 |
---------------+----------------------------+-----
Fighting       | 4 5 6 |  6.4
Armour         | 4 5 6 7 8 |  8.2
Shields        | 4 5 6 7 8 |  8.3
Long Blades    | 3 4 6 8 9 |  9.1
Dodging        | 1 2 3 4 |  4.0
Throwing       | 1 |  1.1
Stealth        | |  0.6

Action                   |  1- 3 |  4- 6 |  7- 9 || total
-------------------------+-------+-------+-------++-------
Melee: Long sword        |    79 |   141 |   141 ||   361
       Headbutt          |    19 |    22 |    30 ||    71
Throw: Tomahawk          |     6 |       |     5 ||    11
  Use: Scroll            |     3 |    12 |     2 ||    17
       Potion            |       |     2 |     6 ||     8
  Eat: Bread ration      |     1 |     1 |     1 ||     3
       Royal jelly       |       |       |     1 ||     1
Armor: Scale mail        |    25 |    64 |    48 ||   137
Dodge: Dodged            |    18 |    49 |    49 ||   116
Block: Shield            |    27 |    80 |    79 ||   186
       Rpst.: Long sword |     5 |    11 |    14 ||    30
